 Dungeon Crawl Stone Soup version 0.24.1-8-ga250c9d538 (webtiles) character file.

Game seed: 1077469761576053562, levelgen mode: deterministic

28 MoonSent the Bolt Thrower (level 3, -4/22 HPs)
             Began as a Kobold Hunter on Apr 28, 2020.
             Slain by an ogre
             ... wielding a +0 giant spiked club
              (26 damage)
             ... on level 2 of the Dungeon.
             The game lasted 00:12:53 (1079 turns).

MoonSent the Bolt Thrower (Kobold Hunter)           Turns: 1079, Time: 00:12:54

Health: -4/22      AC:  7    Str:  9    XL:     3   Next: 27%
Magic:  3/3        EV: 11    Int: 12    God:
Gold:   51         SH:  0    Dex: 16    Spells: 2/2 levels left

rFire    . . .     SeeInvis .   b - +0 short sword
rCold    . . .     Gourm    .   (shield restricted)
rNeg     . . .     Faith    .   i - +0 scale mail
rPois    .         Spirit   .   (no helmet)
rElec    .         Reflect  .   (no cloak)
rCorr    .         Harm     .   q - +0 pair of gloves
MR       .....                  (no boots)
Stlth    +.........             (no amulet)
HPRegen  0.07/turn              (no ring)
MPRegen  0.08/turn              (no ring)

@: no status effects
A: small, carnivore
a: no special abilities


You were on level 2 of the Dungeon.
You were not hungry.

You visited 1 branch of the dungeon, and saw 2 of its levels.

You collected 51 gold pieces.

Inventory:

Hand Weapons
 a - a +1 hand crossbow
 b - a +0 short sword (weapon)
Missiles
 d - 16 bolts
 j - 9 poisoned darts (quivered)
 k - 21 arrows
 r - 5 boomerangs
Armour
 c - a +0 leather armour
 i - a +0 scale mail (worn)
 m - a +0 robe
 n - a +0 robe
 q - a +0 pair of gloves (worn)
 t - a +0 ring mail
Scrolls
 e - a scroll of amnesia {unknown}
 h - a scroll of fog {unknown}
 l - a scroll of random uselessness {unknown}
 p - 2 scrolls of identify {unknown}
 s - 4 scrolls of remove curse {unknown}
Potions
 o - a potion of might
Comestibles
 f - 3 rations


   Skills:
 * Level 2.4 Fighting
 * Level 1.0 Short Blades
 + Level 5.5 Crossbows
 * Level 0.5 Armour
 * Level 2.4 Dodging
 - Level 1.3 Stealth


You had 2 spell levels left.
You didn't know any spells.
Your spell library was empty.

Dungeon Overview and Level Annotations

Branches:
Dungeon (2/15)

Altars:


Innate Abilities, Weirdness & Mutations

You are small and have problems with some larger weapons.
You are carnivorous and can eat meat at any time.


Message History

Found a scroll labeled HEN ILUEWKEAW.
You now have 51 gold pieces (gained 11).
An ogre comes into view. It is wielding a +0 giant spiked club.
The ogre shouts!
b - a +0 short sword (weapon)
You completely miss the ogre. The ogre barely misses you.
You hit the ogre but do no damage. The ogre completely misses you.
You hit the ogre.
The ogre is lightly wounded.
The ogre closely misses you.
You hit the ogre but do no damage.
The ogre is lightly wounded.
You hit the ogre.
The ogre is moderately wounded.
The ogre barely misses you.
Your scale mail prevents you from hitting the ogre.
The ogre is moderately wounded.
The ogre hits you with a +0 giant spiked club!!
Ouch! That really hurt!
You die...

#. #.# #.#
.. #..#.
##..##
#.#..##
#..#..#
#...#.#
###O.##
#?####@#####
#.........<#
############


You could see an ogre.

Vanquished Creatures
  4 giant cockroaches (D:1)
  6 goblins (D:1)
  A hobgoblin (D:1)
  3 jackals (D:1)
  2 bats (D:1)
  3 frilled lizards (D:1)
  3 kobolds (D:1)
  3 rats (D:1)
  A plant (D:1)
26 creatures vanquished.

Notes
Turn   | Place    | Note
-------+----------+-------------------------------------------
     0 | D:1      | MoonSent the Kobold Hunter began the quest for the Orb.
     0 | D:1      | Reached XP level 1. HP: 12/12 MP: 1/1
    53 | D:1      | Reached skill level 5 in Crossbows
   135 | D:1      | Reached XP level 2. HP: 13/18 MP: 2/2
   571 | D:1      | Reached XP level 3. HP: 22/22 MP: 3/3
   931 | D:1      | Reached skill level 1 in Short Blades
  1068 | D:2      | Noticed an ogre
  1079 | D:2      | Slain by an ogre

Levels and vault maps discovered:
D:1:      scummos_arrival_forest, layout_basic, serial_bayou_pond_d,
          minmay_pentomino_q4
D:2:      layout_basic, marbit_many_paths, minmay_misc_feat_plants

Skill      XL: |  1  2  3 |
---------------+----------+-----
Crossbows      | 5 |  5.5
Short Blades   | 1 |  1.0
Fighting       | |  2.4
Armour         | |  0.5
Dodging        | |  2.4
Stealth        | |  1.3

Action                   || total
-------------------------++-------
Melee: Short sword       ||   187
 Fire: Hand crossbow     ||    29
  Use: Potion            ||     1
  Eat: Chunk             ||     1
Armor: Leather armour    ||    10
       Scale mail        ||    33
Dodge: Dodged            ||    93
